 Dungeon Crawl Stone Soup version 0.31-a0-185-g9dded2c639 (webtiles) character file.

Game seed: 13425461449752950626

79 qw the Shooter (level 4, 0/25 HPs)
             Began as a Deep Elf Hunter on June 22, 2023.
             Slain by a gnoll
             ... wielding a +0 club
              (1 damage)
             ... on level 2 of the Dungeon.
             The game lasted 00:00:42 (1387 turns).

qw the Shooter (Deep Elf Hunter)                    Turns: 1387, Time: 00:00:43

Health: 0/25       AC:  5    Str: 10    XL:     4   Next: 16%
Magic:  6/6        EV: 11    Int: 11    God:
Gold:   130        SH:  5    Dex: 18    Spells: 3/3 levels left

rFire   . . .        Y - +0 shortbow
rCold   + . .        (shield currently unavailable)
rNeg    + + .        h - +0 ring mail
rPois   .            (no helmet)
rElec   .            (no cloak)
rCorr   .            (no gloves)
SInv    +            (no boots)
Will    .....        a - amulet "Icampoh" {Reflect +Blink rN++ Int-3 SH+5 SInv}
Stlth   +            f - ring of protection from cold
HPRegen 0.24/turn    (no ring)
MPRegen 0.10/turn

%: reflection
@: no status effects
A: no striking features
a: Evoke Blink


You were on level 2 of the Dungeon.
You visited 1 branch of the dungeon, and saw 3 of its levels.

You collected 130 gold pieces.


   Skills:
 - Level 1.5 Fighting
 + Level 7.6 Ranged Weapons
 - Level 2.4 Dodging
 - Level 1.2 Stealth


You had 3 spell levels left.
You didn't know any spells.
Your spell library was empty.

Inventory:

Hand Weapons
 Y - a +0 shortbow (weapon)
Armour
 h - a +0 ring mail (worn)
Jewellery
 a - the amulet "Icampoh" (around neck) {Reflect +Blink rN++ Int-3 SH+5 SInv}
   (You acquired it on level 1 of the Dungeon)

   [amulet of reflection]

   It reflects blocked missile attacks.
   Int:       It affects your intelligence (-3).
   rN:        It greatly protects you from negative energy.
   SInv:      It lets you see invisible.
   +Blink:    It lets you blink.
   SH:        It affects your SH (+5).
 f - a ring of protection from cold (left hand)
Scrolls
 e - a scroll of identify
Potions
 d - a potion of enlightenment
 l - a potion of might {unknown}
 m - a potion of ambrosia {unknown}

Dungeon Overview and Level Annotations

Branches:
Dungeon (3/15)

Altars:

Shops:
D:1 !=*


Message History

There is a stone staircase leading up here.
There are monsters nearby!
Waypoint 2 assigned to D:3.
You shoot an arrow. The gnoll shouts!
The arrow hits the dart slug.
The dart slug is lightly wounded.
A gnoll comes into view. It is wielding a +0 club.
You shoot an arrow. The arrow hits the dart slug.
The dart slug is severely wounded.
The dart slug bites you but does no damage.
You shoot an arrow. The arrow hits the dart slug.
You kill the dart slug!
A gnoll comes into view. It is wielding a +0 spear.
You shoot an arrow. The arrow closely misses the gnoll.
The arrow hits the gnoll but does no damage.
You block the gnoll's attack.
You shoot an arrow. The arrow barely misses the gnoll.
The gnoll barely misses you. The gnoll misses you.
You shoot an arrow. The arrow barely misses the gnoll.
The gnoll completely misses you. The gnoll closely misses you.
The gnoll hits you with a +0 club! The gnoll completely misses you.
The gnoll hits you but does no damage.
1382 ||| STAIRDANCE The gnoll hits you with a +0 club.
The gnoll barely misses you. The gnoll hits you with a +0 club.
The gnoll closely misses you.
You climb upwards.
There is a stone staircase leading down here.
You shoot an arrow.
The arrow hits the gnoll but does no damage.
The gnoll hits you but does no damage. The gnoll barely misses you.
You block the gnoll's attack.
You shoot an arrow. The arrow closely misses the gnoll.
The gnoll hits you with a +0 club. The gnoll barely misses you. x2
You shoot an arrow. The arrow barely misses the gnoll.
The gnoll hits you but does no damage. The gnoll hits you with a +0 club!
The gnoll hits you with a +0 club.
You shoot an arrow. The arrow closely misses the gnoll.
The gnoll barely misses you. The gnoll closely misses you.
The gnoll hits you with a +0 club.
You die...

#.#.#.#.#.#.#.....##....).....#..
#.#.#.###.###.................#.#
#..:..........#######..##.......#
.................##...###.###.###
.%###.###.###....##.### #.#<..#
....#.#.....#....##.# #.#######
..###.###.###....##.# #........
..............##gg..#############
..............##@gg..............
..#.#.###.###.###################
..#.#.#...#.#.# ..###.###.#.#.#
..........!...# ###############


You could see 4 gnolls.

Vanquished Creatures
  2 adders (D:2)
  A worm (D:2)
  4 dart slugs
  8 ball pythons
  7 bats
  5 endoplasms
  2 giant cockroaches
  6 goblins
  4 hobgoblins
  A quokka (D:2)
  4 frilled lizards
  A kobold (D:2)
  5 rats
50 creatures vanquished.

Notes
Turn   | Place    | Note
-------+----------+-------------------------------------------
     0 | D:1      | qw the Deep Elf Hunter began the quest for the Orb.
     0 | D:1      | Reached XP level 1. HP: 12/12 MP: 3/3
     0 | D:1      | 0 ||| qw: Version: 0.3-a-9-g12657ce
     0 | D:1      | 0 ||| qw: Game counter: 1873
     0 | D:1      | 0 ||| qw: Always use a shield: true
     0 | D:1      | 0 ||| qw: God list: Okawaru
     0 | D:1      | 0 ||| qw: Allow faded altars: false
     0 | D:1      | 0 ||| qw: Do Orc after D:15 true
     0 | D:1      | 0 ||| qw: Do second Lair branch before Depths: true
     0 | D:1      | 0 ||| qw: Lair rune preference: random
     0 | D:1      | 0 ||| qw: Plans: Normal
     0 | D:1      | 0 ||| PLANNING D:1-11
    36 | D:1      | You fall into a shaft and drop 1 floor!
    80 | D:2      | 80 ||| DROPPING scroll of butterflies.
   108 | D:1      | Reached XP level 2. HP: 16/16 MP: 4/4
   120 | D:1      | Reached skill level 6 in Ranged Weapons
   203 | D:1      | Found Hydidoca's Distillery.
   213 | D:1      | 213 ||| SHOPLISTING potion of cancellation (88 gold, have
                  | 24).
   213 | D:1      | 213 ||| SHOPLISTING potion of enlightenment (55 gold, have
                  | 24).
   213 | D:1      | 213 ||| SHOPLISTING potion of mutation (88 gold, have 24).
   213 | D:1      | 213 ||| SHOPLISTING potion of resistance (110 gold, have
                  | 24).
   443 | D:1      | Found Vasteof's Jewellery Shop.
   457 | D:1      | 457 ||| SHOPLISTING +4 ring of protection (432 gold, have
                  | 67).
   457 | D:1      | 457 ||| SHOPLISTING +5 ring of evasion (432 gold, have 67).
   457 | D:1      | 457 ||| SHOPLISTING ring of fire (300 gold, have 67).
   457 | D:1      | 457 ||| SHOPLISTING ring of ice (300 gold, have 67).
   457 | D:1      | 457 ||| SHOPLISTING ring of see invisible (180 gold, have
                  | 67).
   457 | D:1      | 457 ||| SHOPLISTING ring of the Tortoise {AC+8} (1536 gold,
                  | have 67).
   463 | D:1      | Found Vink's General Store.
   472 | D:1      | 472 ||| SHOPLISTING +2 scale mail of positive energy (252
                  | gold, have 67).
   472 | D:1      | 472 ||| SHOPLISTING potion of mutation (112 gold, have 67).
   472 | D:1      | 472 ||| SHOPLISTING ring of poison resistance (280 gold,
                  | have 67).
   576 | D:1      | Reached XP level 3. HP: 20/20 MP: 5/5
   612 | D:1      | 612 ||| UPGRADING to ring of protection from cold.
   613 | D:1      | 613 ||| READING scroll labelled EDURHI BONG.
   614 | D:1      | 614 ||| READING scroll labelled XUOFEO VAON.
   614 | D:1      | Identified a scroll of acquirement
   614 | D:1      | 614 ||| ACQUIRING amulet "Icampoh" {Reflect +Blink rN++
                  | Int-3 SH+5 SInv}
   614 | D:1      | Acquired the amulet "Icampoh" {Reflect +Blink rN++ Int-3
                  | SH+5 SInv}
   616 | D:1      | 616 ||| UPGRADING to amulet "Icampoh" {Reflect +Blink rN++
                  | Int-3 SH+5 SInv}.
   621 | D:1      | 621 ||| DRINKING 2 smoky blue potions.
   719 | D:2      | Reached skill level 7 in Ranged Weapons
   864 | D:2      | Reached XP level 4. HP: 25/25 MP: 6/6
  1237 | D:2      | 1237 ||| UPGRADING to +0 ring mail.
  1247 | D:2      | 1247 ||| DROPPING +0 leather armour.
  1248 | D:2      | 1248 ||| READING 3 scrolls labelled OWAKHLU UTHYSOE.
  1249 | D:2      | 1249 ||| READING scroll labelled QEEGGE QUOGUA.
  1250 | D:2      | 1250 ||| READING scroll labelled SOQOFU TOBOPS.
  1251 | D:2      | 1251 ||| READING scroll labelled XOUNACUYDO.
  1252 | D:2      | 1252 ||| DRINKING 2 silvery potions.
  1253 | D:2      | 1253 ||| READING 2 scrolls of identify.
  1253 | D:2      | 1253 ||| IDENTIFYING viscous brown potion
  1254 | D:2      | 1254 ||| DROPPING potion of lignification.
  1255 | D:2      | 1255 ||| DROPPING potion of brilliance.
  1257 | D:2      | 1257 ||| Stepping ~*~*~tactically~*~*~ (cloud).
  1260 | D:2      | HP: 6/25 [poisoned by you (poison gas)]
  1265 | D:2      | HP: 2/25 [poisoned by you (poison gas)]
  1382 | D:3      | 1382 ||| STAIRDANCE
  1386 | D:2      | HP: 3/25 [gnoll/+0 club (8)]
  1386 | D:2      | HP: 1/25 [gnoll/+0 club (2)]
  1387 | D:2      | Slain by a gnoll

Levels and vault maps discovered:
D:1:      evilmike_arrival_fibonacci_small, layout_basic, serial_shops,
          nicolae_square_shop, shop, nicolae_lakefront_shop
D:2:      layout_basic, minmay_misc_feat_nine_boxes
D:3:      layout_rooms, nicolae_dithmenos_the_darkroom,
          nicolae_overflow_hidden_temple

Skill      XL: |  1  2  3 |
---------------+----------+-----
Ranged Weapons | 6 7 |  7.6
Fighting       | |  1.5
Dodging        | |  2.4
Stealth        | |  1.2

Action                     |  1- 3 |  4- 6 || total
---------------------------+-------+-------++-------
   Fire: Shortbow          |   113 |    27 ||   140
    Use: Scroll            |     2 |     5 ||     7
         Potion            |     1 |     1 ||     2
 Armour: Leather armour    |     8 |     2 ||    10
         Ring mail         |       |     4 ||     4
  Dodge: Dodged            |    30 |    18 ||    48
  Block: Other             |    13 |     2 ||    15
         Reflection        |     1 |       ||     1

Table legend:
 A = Non-vault XP
 B = Vault XP
 C = Vault XP percentage of total XP
 D = Non-vault monster count
 E = Vault monster count
 F = Vault count percentage of total count
                 A         B        C        D         E       F
            +---------+---------+-------+---------+---------+-------
      Total |     113 |       0 |   0.0 |      50 |       0 |   0.0
            +---------+---------+-------+---------+---------+-------
        D:1 |      42 |       0 |   0.0 |      25 |       0 |   0.0
        D:2 |      67 |       0 |   0.0 |      24 |       0 |   0.0
        D:3 |       4 |       0 |   0.0 |       1 |       0 |   0.0
            +---------+---------+-------+---------+---------+-------
